 Dungeon Crawl Stone Soup version 0.29.1-1-gd02db6906a (webtiles) character file.

Game seed: 17568643210956290864

639287 firemarshallily the Intangible (level 27, -60/201 HPs)
             Began as an Octopode Brigand on Sept 15, 2022.
             Was the Champion of Qazlal.
             Killed from afar by an Ice Fiend (111 damage)
             ... with a bolt of cold
             ... on level 2 of the Dungeon on Sept 17, 2022.
             The game lasted 07:21:12 (75291 turns).

firemarshallily the Intangible (Octopode Brigand)  Turns: 75291, Time: 07:21:13

Health: -60/201    AC:  9    Str: 21    XL:     27
Magic:  45/48      EV: 61    Int: 32    God:    Qazlal [******]
Gold:   5364       SH: 27    Dex: 42    Spells: 32/68 levels left

rFire   + + +      SeeInvis +   E - +10 quick blade (freeze)
rCold   x x .      Faith    .   X - +3 buckler {AC+3}
rNeg    + + .      Spirit   .   G - +0 hat of the Barnacled Cricket {rPois Will+ Str+4}
rPois   +          Reflect  +   M - amulet of Dykycen {Reflect rPois rN+ Str+4 Int+4 SH+5}
rElec   +          Harm     .   K - ring "Disteyfisk" {Ice Will+ Slay+3 Stlth+}
rCorr   +          Rampage  .   F - ring "Otyratu" {rF+ rN+ Will+ Slay+3 SInv Stlth+}
Will    ++++.                   f - +6 ring of dexterity
Stlth   +.........              Q - ring of protection from fire
HPRegen 0.43/turn               t - ring of Munonuf {Drain Will+ EV+4 Dex+5}
MPRegen 0.31/turn               n - ring of Wanepn {rC- Will- AC+4 Int+8 Slay+4}
                                i - ring "Aboiseur" {Fire Int+8}
                                O - ring "Nisiv" {Fire rElec Will- rCorr Dex+3}

@: swift, studying 2 skills, repel missiles, very quick
A: almost no armour, amphibious, 8 rings, camouflage 1, gelatinous body 1,
(nimble swimmer 1), tentacles, agile 1, frail 1, screaming 1, shaggy fur 1,
devolution 1
0: Orb of Zot
}: 3/15 runes: decaying, silver, gossamer
a: Renounce Religion, Upheaval, Elemental Force, Disaster Area


You were on level 2 of the Dungeon.
You worshipped Qazlal.
Qazlal was exalted by your worship.
You visited 11 branches of the dungeon, and saw 53 of its levels.
You also visited: Gauntlet, Ice Cave, Volcano and Wizlab.

You collected 10032 gold pieces.
You spent 4668 gold pieces at shops.

Inventory:

Hand Weapons
 E - a +10 quick blade of freezing (weapon)
Missiles
 b - 96 poisoned darts (quivered)
 c - 29 curare-tipped darts
Armour
 G - the +0 hat of the Barnacled Cricket (worn) {rPois Will+ Str+4}
   (You acquired it on level 3 of the Elven Halls)

   Str:       It affects your strength (+4).
   rPois:     It protects you from poison.
   Will:      It increases your willpower.
 X - a +3 buckler of protection (worn)
Jewellery
 d - a ring of positive energy
 e - the ring "Hyurhuf" {*Slow rF++ rN+ rCorr}
   (You found it on level 3 of the Elven Halls)

   [ring of positive energy]

   rF:        It greatly protects you from fire.
   rN:        It protects you from negative energy.
   rCorr:     It protects you from acid and corrosion.
   *Slow:     It may slow you when you take damage.
 f - a +6 ring of dexterity (on tentacle)
 i - the ring "Aboiseur" (on tentacle) {Fire Int+8}
   (You took it off a salamander in a wizard's laboratory)

   [ring of fire]

   It enhances your fire magic.
   Int:       It affects your intelligence (+8).
   rF:        It protects you from fire.
   rC:        It makes you vulnerable to cold.
 n - the ring of Wanepn (on tentacle) {rC- Will- AC+4 Int+8 Slay+4}
   (You found it on level 4 of the Dungeon)

   [ring of protection]

   AC:        It affects your AC (+4).
   Int:       It affects your intelligence (+8).
   Slay:      It affects your accuracy & damage with ranged weapons and melee
   (+4).
   rC:        It makes you vulnerable to cold.
   Will:      It decreases your willpower.
 q - the amulet "Zeneahuts" {Harm rC+ Will+ Regen+}
   (You found it on level 2 of the Dungeon)

   [amulet of regeneration]

   rC:        It protects you from cold.
   Regen:     It increases your rate of health regeneration.
   Harm:      It increases damage dealt and taken.
   Will:      It increases your willpower.
 r - a +4 ring of slaying
 t - the ring of Munonuf (on tentacle) {Drain Will+ EV+4 Dex+5}
   (You acquired it on level 1 of the Elven Halls)

   [ring of evasion]

   EV:        It affects your evasion (+4).
   Dex:       It affects your dexterity (+5).
   Drain:     It drains your maximum health when unequipped.
   Will:      It increases your willpower.
 C - the ring "Doczax" {Ice Int+8}
   (You took it off a salamander in a wizard's laboratory)

   [ring of ice]

   It enhances your ice magic.
   Int:       It affects your intelligence (+8).
   rF:        It makes you vulnerable to fire.
   rC:        It protects you from cold.
 F - the ring "Otyratu" (right tentacle) {rF+ rN+ Will+ Slay+3 SInv Stlth+}
   (You found it on level 4 of the Swamp)

   [ring of positive energy]

   Slay:      It affects your accuracy & damage with ranged weapons and melee
   (+3).
   rF:        It protects you from fire.
   rN:        It protects you from negative energy.
   SInv:      It lets you see invisible.
   Will:      It increases your willpower.
   Stlth:     It makes you more stealthy.
 H - the ring "Pogh" {rElec rPois Will+ Int+2 Dex-5}
   (You found it on level 5 of the Vaults)

   [ring of poison resistance]

   Int:       It affects your intelligence (+2).
   Dex:       It affects your dexterity (-5).
   rElec:     It insulates you from electricity.
   rPois:     It protects you from poison.
   Will:      It increases your willpower.
 I - the ring "Juippuske" {Ice rElec Will+ Int+2 Dex-2}
   (You found it in a wizard's laboratory)

   [ring of ice]

   It enhances your ice magic.
   Int:       It affects your intelligence (+2).
   Dex:       It affects your dexterity (-2).
   rF:        It makes you vulnerable to fire.
   rC:        It protects you from cold.
   rElec:     It insulates you from electricity.
   Will:      It increases your willpower.
 K - the ring "Disteyfisk" (left tentacle) {Ice Will+ Slay+3 Stlth+}
   (You bought it in a shop on level 1 of the Elven Halls)

   [ring of ice]

   It enhances your ice magic.
   Slay:      It affects your accuracy & damage with ranged weapons and melee
   (+3).
   rF:        It makes you vulnerable to fire.
   rC:        It protects you from cold.
   Will:      It increases your willpower.
   Stlth:     It makes you more stealthy.
 M - the amulet of Dykycen (around mantle) {Reflect rPois rN+ Str+4 Int+4 SH+5}
   (You found it on level 3 of the Elven Halls)

   [amulet of reflection]

   It reflects blocked missile attacks.
   Str:       It affects your strength (+4).
   Int:       It affects your intelligence (+4).
   rPois:     It protects you from poison.
   rN:        It protects you from negative energy.
   SH:        It affects your SH (+5).
 O - the ring "Nisiv" (on tentacle) {Fire rElec Will- rCorr Dex+3}
   (You found it in a Gauntlet)

   [ring of fire]

   It enhances your fire magic.
   Dex:       It affects your dexterity (+3).
   rF:        It protects you from fire.
   rC:        It makes you vulnerable to cold.
   rElec:     It insulates you from electricity.
   rCorr:     It protects you from acid and corrosion.
   Will:      It decreases your willpower.
 Q - a ring of protection from fire (on tentacle)
 Z - the ring "Wic Jelo" {Ice Str-3 SInv Stlth+}
   (You found it in a wizard's laboratory)

   [ring of ice]

   It enhances your ice magic.
   Str:       It affects your strength (-3).
   rF:        It makes you vulnerable to fire.
   rC:        It protects you from cold.
   SInv:      It lets you see invisible.
   Stlth:     It makes you more stealthy.
Wands
 o - a wand of mindburst (53)
 w - a wand of paralysis (55)
 y - a wand of polymorph (11)
 J - a wand of quicksilver (10)
 P - a wand of digging (7)
Scrolls
 a - 38 scrolls of teleportation
 h - 6 scrolls of magic mapping
 j - 2 scrolls of torment
 l - 8 scrolls of poison
 B - 7 scrolls of fear
 L - a scroll of silence
 N - 2 scrolls of summoning
Potions
 k - 5 potions of magic
 m - 2 potions of might
 s - 9 potions of invisibility
 u - 27 potions of curing
 v - 6 potions of cancellation
 z - 2 potions of heal wounds
 A - 6 potions of berserk rage
 D - 3 potions of mutation
 U - 12 potions of brilliance
 W - a potion of resistance
 Y - 14 potions of lignification
Miscellaneous
 g - a condenser vane
 R - a box of beasts
 S - a phantom mirror
 T - a phial of floods


   Skills:
 O Level 27 Fighting
 - Level 10.0 Short Blades
 - Level 4.2 Throwing
 O Level 27 Dodging
 - Level 7.1 Stealth
 - Level 12.3 Shields
 * Level 21.2 Spellcasting
 * Level 7.8 Conjurations
 - Level 18.5 Translocations
 - Level 15.6 Invocations
 - Level 3.2 Evocations


You had 32 spell levels left.
You knew the following spells:

 Your Spells              Type           Power      Damage    Failure   Level
a - Ozocubu's Armour      Ice            50%        N/A       3%          3
b - Blink                 Tloc           100%       N/A       0%          2
c - Manifold Assault      Tloc           100%       N/A       0%          5
d - Teleport Other        Tloc           100%       N/A       0%          3
e - Summon Guardian Gole  Hex/Summ       33%        N/A       3%          3
f - Summon Forest         Summ/Tloc      37%        N/A       1%          5
g - Passwall              Tmut/Erth      27%        N/A       1%          2
h - Wereblood             Tmut           33%        N/A       1%          2
i - Swiftness             Air            33%        N/A       3%          3
j - Fulminant Prism       Conj/Hex       28%        3d14      2%          4
k - Summon Lightning Spi  Summ/Air       33%        N/A       12%         4

Your spell library contained the following spells:

 Spells                   Type           Power      Damage    Failure   Level
 Gell's Gravitas          Tloc           100%       N/A       0%          3
 Lesser Beckoning         Tloc           100%       N/A       0%          3
 Passage of Golubria      Tloc           100%       N/A       0%          4
 Beastly Appendage        Tmut           66%        N/A       1%          1
 Foxfire                  Conj/Fire      100%       2x1d9     1%          1
 Necrotise                Necr           100%       1d9       1%          1
 Sandblast                Erth           66%        2d15      1%          1
 Sting                    Tmut/Pois      100%       1d8       1%          1
 Summon Small Mammal      Summ           100%       N/A       1%          1
 Ensorcelled Hibernation  Hex/Ice        100%       N/A       1%          2
 Poisonous Vapours        Pois/Air       66%        N/A       1%          2
 Scorch                   Fire           100%       2d10      1%          2
 Static Discharge         Conj/Air       56%        3-10/arc  1%          2
 Sublimation of Blood     Necr           33%        N/A       1%          2
 Dazzling Flash           Conj/Hex       100%       N/A       1%          3
 Mephitic Cloud           Conj/Pois/Air  50%        N/A       1%          3
 Portal Projectile        Hex/Tloc       100%       N/A       1%          3
 Stone Arrow              Conj/Erth      100%       3d13      1%          3
 Iskenderun's Mystic Bla  Conj/Tloc      87%        2d17      1%          4
 Flame Wave               Conj/Fire      93%        2d20      2%          4
 Frozen Ramparts          Ice            100%       1d16      3%          3
 Spider Form              Tmut/Pois      33%        N/A       3%          3
 Vampiric Draining        Necr           33%        2d8       3%          3
 Disjunction              Tloc           50%        N/A       3%          8
 Fireball                 Conj/Fire      46%        3d18      6%          5
 Irradiate                Conj/Tmut      28%        3d21      6%          5
 Lightning Bolt           Conj/Air       28%        1d44      6%          5
 Freezing Cloud           Conj/Ice/Air   33%        6-21      11%         5
 Animate Dead             Necr           33%        N/A       12%         4
 Corpse Rot               Necr/Pois/Air  33%        N/A       12%         4
 Dispel Undead            Necr           33%        3d14      12%         4
 Ice Form                 Ice/Tmut       50%        N/A       12%         4
 Olgreb's Toxic Radiance  Pois           33%        N/A       12%         4
 Petrify                  Tmut/Erth      33%        N/A       12%         4
 Summon Ice Beast         Ice/Summ       50%        N/A       12%         4
 Malign Gateway           Summ/Tloc      37%        N/A       22%         7
 Agony                    Necr           33%        N/A       32%         5
 Blade Hands              Tmut           16%        N/A       32%         5
 Borgnjor's Vile Clutch   Necr/Erth      16%        N/A       32%         5
 Metabolic Englaciation   Hex/Ice        25%        N/A       32%         5
 Silence                  Hex/Air        16%        N/A       32%         5
 Summon Mana Viper        Hex/Summ       33%        N/A       32%         5
 Conjure Ball Lightning   Conj/Air       28%        3x3d8     34%         6
 Iron Shot                Conj/Erth      28%        9d6       34%         6
 Starburst                Conj/Fire      46%        6d13      34%         6
 Orb of Destruction       Conj           35%        9d10      36%         7
 Death Channel            Necr           16%        N/A       87%         6
 Eringya's Noxious Bog    Tmut/Pois      16%        N/A       87%         6
 Simulacrum               Ice/Necr       25%        N/A       87%         6
 Statue Form              Tmut/Erth      22%        N/A       87%         6
 Summon Cactus Giant      Summ           16%        N/A       87%         6
 Spellforged Servitor     Conj/Summ      28%        N/A       88%         7
 Dragon Form              Tmut           16%        N/A       100%        7
 Ozocubu's Refrigeration  Ice            25%        4d13      100%        7
 Storm Form               Tmut/Air       16%        N/A       100%        7
 Summon Hydra             Summ           16%        N/A       100%        7
 Borgnjor's Revivificati  Necr           16%        N/A       100%        8
 Discord                  Hex            16%        N/A       100%        8
 Ignition                 Fire           33%        3d10      100%        8
 Lehudib's Crystal Spear  Conj/Erth      28%        10d7      100%        8
 Maxwell's Capacitive Co  Air            16%        ∞         100%        8
 Necromutation            Tmut/Necr      16%        N/A       100%        8
 Summon Horrible Things   Summ           16%        N/A       100%        8
 Chain Lightning          Conj/Air       28%        3d37      100%        9
 Death's Door             Necr           16%        N/A       100%        9
 Fire Storm               Conj/Fire      46%        8d12      100%        9
 Polar Vortex             Ice            25%        N/A       100%        9
 Shatter                  Erth           16%        3d16*     100%        9


Dungeon Overview and Level Annotations

Branches:
Dungeon (15/15)            Temple (0/1) D:6            Lair (5/5) D:9
  Swamp (4/4) Lair:3       Spider (4/4) Lair:2        Slime (3/5) Lair:5
    Orc (2/2) D:10            Elf (3/3) Orc:2        Vaults (5/5) D:13
  Crypt (3/3) Vaults:2       Tomb (0/3) Crypt:3      Depths (4/4) D:15
    Zot (5/5) Depths:4      IceCv (visited)         Volcano (visited)
 WizLab (visited)         Gauntlet (visited)

Altars:
Cheibriados
Dithmenos
Gozag
Kikubaaqudgha
Qazlal
Trog
Vehumet
Wu Jian
Xom
Yredelemnul
Zin
Jiyva

Shops:
D:3 [   D:4 (   Orc:2 (([*   Elf:1 =   Elf:3 (*(!   Vaults:1 [   Vaults:2 (
Depths:1 :   Depths:2 (

Portals:
Hell: Depths:1 Depths:2 Depths:3 Depths:4
Abyss: Lair:1 Depths:3
Pandemonium: Depths:2 Depths:3
Ziggurat: Depths:4

Annotations:
Vaults:2 2 transporters
Vaults:4 3 runed translucent doors, Vatovie's ghost, veteran MiFi
Crypt:2 1 exclusion
Crypt:3 1 exclusion
Depths:4 4 runed translucent doors, 1 exclusion


Innate Abilities, Weirdness & Mutations

You cannot wear most types of armour.
You are amphibious.
You can wear up to eight rings at the same time.
Your skin changes colour to match your surroundings (Stealth+).
Your rubbery body absorbs attacks. (AC +1, EV +1)
((You are camouflaged when in or above water. (Stealth+)))
You have tentacles for arms and can constrict up to eight enemies at once.
You are agile. (Dex +4, Str/Int -1)
You are frail. (-10% HP)
You occasionally shout uncontrollably at your foes.
You are covered in fur. (AC +1)
You have hidden genetic defects.


Message History

The blast of lightning engulfs Cuteurgh!
Cuteurgh resists.
The blast of lightning engulfs you! You resist.
Your magical effects are unravelling.
You feel magically purged.
You no longer feel sluggish.
You hear a clap of thunder!
The blast of lightning engulfs Cuteurgh!
Cuteurgh resists.
Cuteurgh is engulfed in blazing flames.
Cuteurgh gestures.
You hear a clap of thunder!
The blast of lightning engulfs the neqoxec!!!
The neqoxec dies!
The Ice Fiend calls on the powers of darkness!
Your body is wracked with pain!
* * * LOW HITPOINT WARNING * * *
Cuteurgh gestures. 4 ball lightnings come into view.
You feel much better.
The ball lightning explodes!
The blast of lightning engulfs the ball lightning.
The ball lightning completely resists.
The blast of lightning engulfs Cuteurgh!
Cuteurgh resists.
The blast of lightning engulfs you! You resist. The Ice Fiend gestures at you.
The bolt of cold hits Cuteurgh!
Cuteurgh resists.
The bolt of cold misses the ball lightning.
The bolt of cold misses you.
Casting: Swiftness (mildly dangerous; 3% risk of failure)
Confirm with . or Enter, or press ? or * to list all spells.
You feel quick.
The ball lightning explodes!
The blast of lightning engulfs Cuteurgh!
Cuteurgh resists.
The blast of lightning engulfs you! You resist.
* * * LOW HITPOINT WARNING * * *
The Ice Fiend gestures at you.
The bolt of cold hits Cuteurgh!
Cuteurgh resists.
The bolt of cold hits you!!!!
You feel a terrible chill!
Ouch! That really hurt!
You die...

#.# #.#.##......###..... #.#
#*....1.._...##.....
#.##############**........##...1.
#..............#1##.......##.....
#..............#.##.....#........
#..............#.####.#.###......
#'########...>.#&# #.#......>...
....# #.....#.# #.#######.###
....# #.....#@# #.# #.#
....######.....#.# #.# #.###
....'..........'.# #.# #.#..
....######.....######.#######.#..
....# #####........##.....(#..
....# #........##......#.. ....#
#........##......#.. ....#
#........##......#.. ##'##
#.........+.....††..


You could see Cuteurgh, an Ice Fiend and 2 ball lightnings.

Vanquished Creatures
  2 dread liches
  9 orbs of fire (Zot:5)
  2 ancient liches
  A juggernaut (Depths:2)
  5 Killer Klowns
  Vv (Zot:2)
  A curse toe (Crypt:3)
  A caustic shrike (Depths:2)
  6 golden dragons
  A profane servitor (Depths:3)
  Arachne (Spider:2)
  5 electric golems
  3 hellephants (Depths:3)
  Jorgrun (Spider:2)
  Rupert (Lair:5)
  Zenata (Crypt:1)
  The ghost of avis the Black Belt, an adept DgTm (Elf:2)
  Mlioglotl (Swamp:1)
  16 tentacled monstrosities
  A walking frostbound tome (Depths:2)
  9 liches
  25 Orb Guardians
  3 quicksilver dragons
  5 titans
  Asterion (Spider:3)
  5 deep elf blademasters
  A deep elf master archer (Elf:3)
  4 acid blobs
  9 ancient champions
  7 death cobs
  The ghost of Rem the Warrior, a journeyman DrCj of Vehumet (Swamp:1)
  Kirke (Elf:1)
  Gastronok (Lair:2)
  11 sphinxes
  Agnes (Elf:1)
  Frances (Elf:1)
  3 thorn hunters
  17 shadow dragons
  An azure jelly (shapeshifter) (Depths:3)
  9 tengu reavers
  2 revenants
  12 fire giants
  5 rockslimes
  The ghost of middlethird the Bludgeoner, an adept VSIE of Gozag (Spider:3)
  10 draconian knights
  16 storm dragons
  Donald (Spider:3)
  13 frost giants
  6 azure jellies
  7 draconian monks
  22 vault wardens
  3 iron dragons
  8 emperor scorpions
  2 orc warlords
  Louise (Depths:3)
  2 draconian scorchers
  A ghost moth (shapeshifter) (Vaults:5)
  12 deep elf sorcerers
  6 draconian stormcallers
  4 angels (Zot:3)
  A curse skull (Crypt:3)
  8 ghost moths
  4 draconian shifters
  8 deep elf elementalists
  7 ghouls
  26 very ugly things
  6 spriggan defenders
  4 broodmothers
  6 draconian annihilators
  5 quicksilver oozes
  7 war gargoyles
  16 ironbound preservers
  17 stone giants
  14 green draconians
  4 vampire knights
  2 reapers (Crypt:2)
  9 deep elf demonologists
  15 ironbound thunderhulks
  38 slime creatures
  12 deep elf annihilators (Elf:3)
  8 purple draconians
  2 eleionomae (Swamp:2)
  5 dire elephants
  13 red draconians
  5 entropy weavers
  A minotaur (Gauntlet)
  4 bunyips
  18 black draconians
  9 yellow draconians
  The ghost of Arex the Blocker, a journeyman DgFi (Lair:1)
  12 spark wasps
  Snorg (Orc:2)
  12 white draconians
  2 crystal guardians
  4 eidola
  3 mummy priests (Crypt:3)
  9 deep elf death magi
  11 ettins
  An iron golem (Depths:2)
  9 deep elf high priests
  8 fire dragons
  7 jiangshi
  10 great orbs of eyes
  A quicksilver dragon zombie (Crypt:3)
  14 yaktaur captains
  10 ice dragons
  Fannar (D:12)
  A spriggan zombie (Crypt:3)
  4 rakshasas
  33 vault guards
  22 hydras
  2 salamander tyrants (WizLab)
  4 ogre magi
  8 peacekeepers
  A caustic shrike simulacrum (Crypt:1)
  2 ghost crabs (Swamp:2)
  A catoblepas (Lair:5)
  9 spriggan air magi
  15 ironbound frosthearts
  3 jorogumos
  8 boulder beetles
  38 centaur warriors
  A bennu zombie (Crypt:3)
  The ghost of TheSexyCheese the Fighter, a novice MiBe of Trog (D:10)
  28 dancing weapons
  16 two-headed ogres
  2 death knights
  8 tengu warriors
  A two-headed ogre (shapeshifter) (Depths:4)
  2 death scarabs (Spider:3)
  7 deep troll shamans
  10 alligators
  12 deep troll earth magi
  5 death yaks (Lair:5)
  2 vampire magi
  A spectral emperor scorpion (Spider:3)
  10 spriggan berserkers
  3 orc high priests
  3 soul eaters
  13 deep elf knights
  9 hell hogs (Depths:3)
  Sonja (Lair:2)
  5 hell knights
  A fire crab (shapeshifter) (Depths:2)
  7 pharaoh ants
  13 shadow wraiths
  9 iron trolls
  2 titan skeletons (Crypt:3)
  The ghost of olmar the Basher, a novice PaFi of Uskayaw (D:7)
  Amaemon (Lair:1)
  An anaconda zombie (Crypt:3)
  19 skeletal warriors
  2 sun moths
  5 goliath frogs
  2 spectral entropy weavers (Spider:3)
  A sea snake (shapeshifter) (Depths:2)
  8 steelbarb worms
  7 flayed ghosts
  2 spectral ghost moths (Spider:3)
  A swamp dragon (shapeshifter) (Elf:2)
  2 spriggan druids (Swamp:2)
  7 swamp dragons
  3 glowing orange brains
  9 deep elf archers
  55 deep trolls
  12 lindwurms
  2 steelbarb worms (shapeshifter)
  A death drake (Swamp:4)
  3 bog bodies
  4 spriggan simulacra
  8 orb spiders
  7 phantasmal warriors
  8 harpies
  A spectral wolf spider (Spider:3)
  4 necromancers
  22 ironbound convokers
  28 deep elf zephyrmancers
  9 wizards
  A frost giant zombie (Crypt:1)
  11 orc knights
  26 deep elf pyromancers
  38 ugly things
  14 wolf spiders
  3 shining eyes
  5 orc sorcerers
  4 salamanders (WizLab)
  44 moths of wrath
  5 cyclopes
  A tengu skeleton (Vaults:2)
  4 manticores
  3 will-o-the-wisps (Swamp:1)
  A sphinx skeleton (Crypt:1)
  2 guardian serpents (shapeshifter)
  A jorogumo skeleton (Crypt:3)
  2 fire giant skeletons
  19 vault sentinels
  A black mamba (Lair:4)
  A titan simulacrum (Crypt:1)
  6 human skeletons
  12 gargoyles
  5 cane toads
  3 molten gargoyles (WizLab)
  7 torpor snails
  4 centaur skeletons (D:13)
  2 orange demons
  Psyche (D:12)
  A white draconian zombie (Crypt:1)
  An unseen horror (D:13)
  21 rime drakes
  A red draconian zombie (Crypt:3)
  A pale draconian zombie (Crypt:1)
  A hellion (Zot:5)
  A kobold demonologist (D:13)
  A purple draconian skeleton (Crypt:2)
  36 yaktaurs
  9 demonic crawlers
  A rime drake (shapeshifter) (Vaults:5)
  14 freezing wraiths
  4 komodo dragons
  A tengu conjurer (Depths:3)
  An efreet (D:11)
  3 elf skeletons (Vaults:2)
  A yaktaur skeleton (Vaults:2)
  2 anaconda simulacra (Crypt:1)
  12 guardian mummies (Crypt:3)
  An entropy weaver simulacrum (Spider:3)
  An ancient zyme (Lair:1)
  12 meliai
  10 tyrant leeches
  16 trolls
  2 bloated husks
  A catoblepas skeleton (Crypt:1)
  A queen bee (Spider:2)
  A troll (shapeshifter) (D:15)
  24 polar bears
  A tarantella (shapeshifter) (D:13)
  22 tarantellas
  A hornet (shapeshifter) (Gauntlet)
  Prince Ribbit (D:7)
  A slime creature (shapeshifter) (Zot:3)
  26 hornets
  A fire dragon zombie (Crypt:3)
  5 dream sheep (Lair:5)
  A blink frog (Lair:5)
  A raiju (Lair:1)
  19 jumping spiders
  A great orb of eyes zombie (Crypt:3)
  6 air elementals
  6 centaur simulacra
  7 flying skulls
  A guardian serpent skeleton (Crypt:1)
  A small abomination (Zot:5)
  A deep troll skeleton (Vaults:2)
  33 spriggans
  A shadow (D:12)
  11 wraiths
  7 wyverns
  A dire elephant simulacrum (Crypt:1)
  9 water elementals
  21 culicivoras
  48 yaks
  6 fire elementals
  An unseen horror simulacrum (D:10)
  3 ushabtiu (Crypt:3)
  65 redbacks
  3 golden eyes (Depths:3)
  2 chaos spawn (Zot:3)
  15 vampire mosquitoes
  6 basilisks
  3 hogs (Elf:1)
  7 steam dragons (Lair:2)
  Menkaure (D:4)
  A neqoxec (Depths:2)
  13 swamp worms
  3 harpy simulacra (Crypt:1)
  8 wargs
  A deep troll zombie (Crypt:3)
  An acid dragon (D:11)
  A two-headed ogre zombie (Crypt:1)
  A water nymph zombie (Crypt:3)
  14 water moccasins
  A floating eye (Depths:4)
  A floating eye (shapeshifter) (Vaults:5)
  A naga skeleton (Crypt:3)
  A glowing shapeshifter skeleton (Vaults:2)
  4 ice beasts
  20 orc warriors
  A sky beast (shapeshifter) (Gauntlet)
  5 black bears
  2 ettin simulacra (Crypt:1)
  An ogre (shapeshifter) (D:13)
  8 swamp drakes
  11 boggarts
  2 black mamba simulacra (Crypt:1)
  20 centaurs
  24 ogres
  37 wolves
  A phantom (D:7)
  A salamander zombie (Crypt:2)
  5 kobold brigands
  12 bullfrogs
  A naga simulacrum (Crypt:1)
  Blork the orc (D:4)
  4 necrophages
  A salamander skeleton (Crypt:2)
  2 scorpions
  5 earth elementals
  5 wights
  22 killer bees
  3 electric eels (D:14)
  4 howler monkeys
  A troll skeleton (Crypt:2)
  8 crimson imps (D:7)
  19 orc priests
  2 hounds (D:6)
  2 jellies
  2 gnoll boudas
  2 iguanas
  Natasha (thrice) (D:2)
  Terence (D:2)
  A black bear skeleton (Crypt:2)
  34 orc wizards
  2 lightning spires (WizLab)
  A naga zombie (Crypt:3)
  Robin (D:4)
  5 gnolls (D:5)
  10 adders
  5 white imps
  An ufetubus (D:6)
  A lava snake zombie (Crypt:2)
  2 dart slugs
  96 orcs
  5 ball pythons
  5 endoplasms
  2 giant cockroaches
  11 goblins
  12 hobgoblins
  4 jackals (D:2)
  17 kobolds
  5 quokkas
  9 bats
  2 frilled lizards
  A hobgoblin skeleton (Crypt:2)
  A jackal skeleton (Crypt:2)
  11 rats
  A briar patch (Swamp:4)
  2 butterflies (Zot:3)
  A lurking horror (Lair:1)
2546 creatures vanquished.

Vanquished Creatures (collateral kills)
  An orc (Orc:2)
1 creature vanquished.

Vanquished Creatures (others)
  2 deep elf knights
  A spriggan (Swamp:4)
  A bloated husk (Swamp:1)
  A hornet (Swamp:4)
  A neqoxec (D:2)
  A steam dragon (Lair:2)
  A chaos spawn (D:2)
  A boggart (Vaults:2)
  An orc priest (Orc:2)
  An orc (Orc:1)
  3 ball lightnings (D:2)
  9 briar patches
  8 foxfires (Swamp:1)
  15 fungi
  6 pillars of salt (Zot:3)
  11 plants
63 creatures vanquished.

Grand Total: 2610 creatures vanquished

Notes
Turn   | Place    | Note
-------+----------+-------------------------------------------
     0 | D:1      | firemarshallily the Octopode Brigand began the quest for
                  | the Orb.
     0 | D:1      | Reached XP level 1. HP: 14/14 MP: 1/1
   268 | D:1      | Reached XP level 2. HP: 19/19 MP: 2/2
   594 | D:1      | Reached XP level 3. HP: 20/24 MP: 3/3
  1306 | D:2      | Found a radiant altar of Vehumet.
  1325 | D:2      | Noticed Terence
  1333 | D:2      | Killed Terence
  1334 | D:2      | Reached XP level 4. HP: 30/30 MP: 4/4
  1607 | D:2      | Noticed Natasha
  1617 | D:2      | Killed Natasha
  1898 | D:2      | Identified the amulet "Zeneahuts" {Harm rC+ Will+ Regen+}
  1960 | D:2      | Noticed Natasha
  1965 | D:2      | Killed Natasha
  1966 | D:2      | Reached XP level 5. HP: 9/36 MP: 5/5
  2102 | D:2      | Noticed Natasha
  2115 | D:2      | Killed Natasha
  2269 | D:2      | Found a faded altar of an unknown god.
  2275 | D:2      | Prayed at the altar of an unknown god.
  2275 | D:2      | Became a worshipper of Qazlal Stormbringer
  2275 | D:2      | Reached * piety under Qazlal
  2708 | D:3      | Found Ixtaw's Armour Emporium.
  3363 | D:4      | Noticed Menkaure
  3462 | D:4      | Noticed Blork the orc
  3472 | D:4      | Killed Blork the orc
  3473 | D:4      | Reached XP level 6. HP: 18/42 MP: 6/6
  3608 | D:4      | Found Pitusate's Antique Weapon Shoppe.
  3699 | D:4      | Found a stormy altar of Qazlal.
  3733 | D:4      | Identified the ring of Wanepn {rC- Will- AC+4 Int+8 Slay+4}
  3877 | D:4      | Noticed Robin
  3884 | D:4      | Killed Robin
  3887 | D:4      | Reached XP level 7. HP: 46/46 MP: 7/7
  3892 | D:4      | Reached ** piety under Qazlal
  3899 | D:4      | Killed Menkaure
  3900 | D:4      | Reached skill level 5 in Short Blades
  4223 | D:5      | Entered Level 5 of the Dungeon
  4489 | D:5      | Reached XP level 8. HP: 54/54 MP: 8/8
  4519 | D:5      | Reached *** piety under Qazlal
  4897 | D:6      | Found a staircase to the Ecumenical Temple.
  4908 | D:6      | Reached skill level 5 in Dodging
  5768 | D:7      | Reached skill level 5 in Fighting
  5798 | D:7      | Reached XP level 9. HP: 61/61 MP: 9/9
  5835 | D:7      | Reached **** piety under Qazlal
  5836 | D:7      | Noticed a cyclops
  5846 | D:7      | Noticed Prince Ribbit
  5874 | D:7      | Killed Prince Ribbit
  5876 | D:7      | Killed a cyclops
  5959 | D:7      | Found a runed translucent gate.
  5960 | D:7      | Found a runed translucent gate.
  5961 | D:7      | Found a runed translucent gate.
  5968 | D:7      | Noticed olmar's ghost (novice PaFi)
  6654 | D:8      | Noticed a two-headed ogre
  6670 | D:8      | Killed a two-headed ogre
  6671 | D:8      | Reached XP level 10. HP: 52/69 MP: 10/10
  6973 | D:8      | Found an ornate altar of the Wu Jian Council.
  6992 | D:8      | Found a shadowy altar of Dithmenos.
  6992 | D:8      | Found a basalt altar of Yredelemnul.
  6993 | D:8      | Found a bloodstained altar of Trog.
  6994 | D:8      | Found an ancient bone altar of Kikubaaqudgha.
  7105 | D:9      | Found a staircase to the Lair.
  7440 | D:9      | Noticed a centaur warrior
  7453 | D:9      | Killed a centaur warrior
  7454 | D:9      | Reached skill level 10 in Short Blades
  7454 | D:9      | Noticed a two-headed ogre
  7460 | D:9      | Killed a two-headed ogre
  7461 | D:9      | Reached skill level 10 in Dodging
  7943 | D:10     | Entered Level 10 of the Dungeon
  8044 | D:4      | Bought a runed quick blade for 468 gold pieces
  8172 | D:10     | Identified a scroll of acquirement
  8172 | D:10     | Acquired a manual of Dodging
  8252 | D:10     | Reached XP level 11. HP: 65/77 MP: 11/11
  8257 | D:10     | Reached skill level 1 in Invocations
  8267 | D:10     | Reached skill level 1 in Spellcasting
  8271 | D:10     | Reached ***** piety under Qazlal
  8511 | D:10     | Found a staircase to the Orcish Mines.
  8578 | D:10     | Noticed TheSexyCheese's ghost (novice MiBe)
  8607 | D:10     | Learned a level 3 spell: Ozocubu's Armour
  8608 | D:10     | Found a runed translucent gate.
  8608 | D:10     | Found a runed translucent gate.
  8608 | D:10     | Found a runed translucent gate.
  8976 | D:11     | Noticed a two-headed ogre
  8986 | D:11     | Killed a two-headed ogre
  8995 | D:11     | Noticed a cyan ugly thing
  8995 | D:11     | Noticed a wolf spider
  8995 | D:11     | Noticed a cyan ugly thing
  8999 | D:11     | Killed a wolf spider
  9010 | D:11     | Noticed a shadow wraith
  9014 | D:11     | Killed a cyan ugly thing
  9016 | D:11     | Identified the ring of Arrival {*Slow Fly MP-9 Str+6
                  | Slay+5}
  9016 | D:11     | Noticed an orc knight
  9025 | D:11     | Killed a brown ugly thing
  9025 | D:11     | Noticed an orc knight
  9037 | D:11     | Killed a shadow wraith
  9269 | Lair:1   | Entered Level 1 of the Lair of Beasts
  9333 | Lair:1   | Reached skill level 5 in Invocations
  9559 | Lair:1   | Found a transporter.
  9605 | Lair:1   | Found a transporter.
  9607 | Lair:1   | Found a one-way gate to the infinite horrors of the Abyss.
  9607 | Lair:1   | Noticed Arex's ghost (journeyman DgFi)
  9614 | Lair:1   | Noticed a spriggan rider
  9623 | Lair:1   | Reached XP level 12. HP: 85/85 MP: 18/18
 10213 | Lair:2   | Noticed Sonja
 10213 | Lair:2   | Found a hole to the Spider Nest.
 10235 | Lair:2   | Killed Sonja
 10236 | Lair:2   | Reached skill level 1 in Shields
 10320 | Lair:2   | Reached skill level 5 in Spellcasting
 10344 | Lair:2   | Found a gate leading to a gauntlet.
 10417 | Gauntlet | Entered a Gauntlet
 10417 | Gauntlet | Found a transporter.
 10417 | Gauntlet | Found a transporter.
 10419 | Gauntlet | Found a transporter.
 10422 | Gauntlet | Found a transporter.
 10428 | Gauntlet | Found a transporter.
 10430 | Gauntlet | Found a transporter.
 10431 | Gauntlet | Found a transporter.
 10433 | Gauntlet | Found a transporter.
 10436 | Gauntlet | Noticed a cacodemon
 10440 | Gauntlet | Noticed an anaconda
 10440 | Gauntlet | a shining eye changed into an anaconda
 10441 | Gauntlet | Found a transporter.
 10442 | Gauntlet | Found a transporter.
 10448 | Gauntlet | an anaconda changed into a shining eye
 10474 | Gauntlet | Found a transporter.
 10511 | Gauntlet | Found a transporter.
 10555 | Gauntlet | Noticed a spark wasp
 10555 | Gauntlet | a death drake changed into a spark wasp
 10556 | Gauntlet | a spark wasp changed into a goliath frog
 10685 | Gauntlet | Identified the ring "Nisiv" {Fire rElec Will- rCorr Dex+3}
 10779 | Gauntlet | Identified the +2 pair of boots "Dayss" {+Inv rElec}
 10891 | Gauntlet | Noticed a minotaur
 10904 | Gauntlet | Killed a minotaur
 10905 | Gauntlet | Reached skill level 10 in Fighting
 10943 | Gauntlet | Identified the +7 dagger "Grim Tooth" {flame, *Corrode
                  | rElec Str+2 Int+10}
 10976 | Lair:2   | Found a dark tunnel.
 10981 | Volcano  | Entered a volcano
 10986 | Volcano  | Noticed a centaur warrior
 10992 | Volcano  | Noticed a hell knight
 11053 | Lair:2   | Noticed Gastronok
 11101 | Lair:2   | Noticed Amaemon
 11115 | Lair:1   | Killed Amaemon
 11162 | Lair:2   | Killed Gastronok
 11163 | Lair:2   | Reached skill level 5 in Shields
 11461 | Lair:2   | Reached XP level 13. HP: 93/93 MP: 22/22
 11886 | Lair:3   | Reached ****** piety under Qazlal
 12241 | Lair:3   | Learned a level 2 spell: Blink
 12406 | Lair:3   | Found a staircase to the Swamp.
 12604 | Lair:4   | Reached skill level 15 in Dodging
 12604 | Lair:4   | Reached skill level 1 in Translocations
 13451 | Lair:5   | Entered Level 5 of the Lair of Beasts
 13575 | Lair:5   | Noticed Rupert
 13588 | Lair:5   | Killed Rupert
 13659 | Lair:5   | Found a staircase to the Slime Pits.
 13737 | Lair:5   | Reached XP level 14. HP: 88/102 MP: 26/26
 13762 | Lair:5   | Learned a level 5 spell: Manifold Assault
 13913 | Lair:5   | Reached skill level 5 in Translocations
 14815 | Lair:5   | Upgraded the game from 0.29.1 to 0.29.1-1-gd02db6906a
 14988 | Orc:1    | Entered Level 1 of the Orcish Mines
 15463 | Orc:2    | Entered Level 2 of the Orcish Mines
 15828 | Orc:2    | Reached XP level 15. HP: 78/109 MP: 3/28
 16028 | Orc:2    | Found Wixiwuut's Weapon Boutique.
 16055 | Orc:2    | Found Xoki's Weapon Shoppe.
 16062 | Orc:2    | Found Milit's Armour Shop.
 16080 | Orc:2    | Found Digungef's Assorted Antiques.
 16086 | Orc:2    | Found a staircase to the Elven Halls.
 16093 | Orc:2    | Noticed Snorg
 16104 | Orc:2    | Killed Snorg
 16514 | Orc:2    | Bought a scroll of magic mapping for 240 gold pieces
 16514 | Orc:2    | Bought a glowing cyan potion for 28 gold pieces
 16514 | Orc:2    | Bought 2 potions of heal wounds for 320 gold pieces
 16525 | Orc:2    | Bought 5 curare-tipped darts for 33 gold pieces
 16530 | Orc:2    | Bought 5 poisoned darts for 20 gold pieces
 16974 | D:7      | Killed olmar's ghost
 17082 | D:11     | Identified the ring "Qodarev" {+Blink Fly rPois rC- Dex+2}
 17892 | D:12     | Noticed Psyche
 17896 | D:12     | Killed Psyche
 17897 | D:12     | Reached skill level 10 in Spellcasting
 18039 | D:12     | Noticed Fannar
 18053 | D:12     | Killed Fannar
 18184 | D:12     | Acquired 592 gold pieces
 18288 | D:12     | Learned a level 3 spell: Teleport Other
 18292 | D:12     | Learned a level 3 spell: Summon Guardian Golem
 18298 | D:12     | Learned a level 5 spell: Summon Forest
 19136 | D:13     | Found a gate to the Vaults.
 19530 | D:14     | Reached XP level 16. HP: 118/118 MP: 30/30
 19634 | D:14     | Found a frozen archway.
 19671 | IceCv    | Entered an ice cave
 20364 | IceCv    | Got the Encyclopedia of the Well-Known Songs
 20676 | D:14     | Found an opulent altar of Gozag.
 21194 | D:15     | Entered Level 15 of the Dungeon
 21261 | D:15     | Reached skill level 10 in Translocations
 21392 | D:15     | Found a staircase to the Depths.
 22156 | Spider:1 | Entered Level 1 of the Spider Nest
 22207 | Spider:1 | Reached skill level 1 in Evocations
 22720 | Spider:1 | Reached XP level 17. HP: 126/126 MP: 32/32
 23696 | Spider:2 | Reached skill level 15 in Fighting
 23988 | Spider:2 | Noticed Arachne
 24013 | Spider:2 | Killed Arachne
 24255 | Spider:2 | Noticed Jorgrun
 24276 | Spider:2 | Killed Jorgrun
 26099 | Spider:3 | Noticed middlethird's ghost (adept VSIE)
 26152 | Spider:3 | Found a transporter.
 26157 | Spider:3 | Found a transporter.
 26441 | Spider:3 | Noticed Asterion
 26484 | Spider:3 | Killed Asterion
 26800 | Spider:3 | Noticed Donald
 26813 | Spider:3 | Killed Donald
 27000 | Spider:3 | Identified the +1 robe of Kikubaaqudgha, Kissing {*Corrode
                  | rF++}
 27197 | Spider:4 | Entered Level 4 of the Spider Nest
 27224 | Spider:4 | Reached skill level 10 in Invocations
 27657 | Spider:4 | Reached XP level 18. HP: 135/135 MP: 34/34
 28603 | Spider:4 | Identified the +1 pair of boots "Amaut" {rPois Str+3}
 28664 | Spider:4 | Got a gossamer rune of Zot
 28867 | Swamp:1  | Entered Level 1 of the Swamp
 29196 | Swamp:1  | Noticed Mlioglotl
 29223 | Swamp:1  | Killed Mlioglotl
 29488 | Swamp:1  | Found a runed translucent door.
 29493 | Swamp:1  | Noticed Rem's ghost (journeyman DrCj)
 31176 | Swamp:2  | Noticed a tentacled monstrosity
 31185 | Swamp:2  | Killed a tentacled monstrosity
 32937 | Swamp:4  | Entered Level 4 of the Swamp
 33025 | Swamp:4  | Reached XP level 19. HP: 144/144 MP: 3/36
 33682 | Swamp:4  | Identified the ring "Otyratu" {rF+ rN+ Will+ Slay+3 SInv
                  | Stlth+}
 33684 | Swamp:4  | Got a decaying rune of Zot
 34161 | Vaults:1 | Entered Level 1 of the Vaults
 34520 | Vaults:1 | Learned a level 2 spell: Passwall
 34523 | Vaults:1 | Learned a level 2 spell: Wereblood
 34901 | Vaults:1 | Identified the +1 chain mail of Nushahot {SInv}
 34959 | Vaults:1 | Found Hoep's Antique Armour Boutique.
 35216 | Vaults:1 | Identified the +2 robe of Masochism {Int+2}
 35806 | Vaults:2 | Reached XP level 20. HP: 149/154 MP: 31/37
 36143 | Vaults:2 | Found a staircase to the Crypt.
 36775 | Vaults:2 | Found a transporter.
 36807 | Vaults:2 | Found a transporter.
 37104 | Vaults:2 | Found Ykhlif's Antique Weapon Shop.
 37443 | Vaults:3 | Found a magical portal.
 37473 | WizLab   | Entered Maxwell's Workshop
 37673 | WizLab   | Identified the ring "Doczax" {Ice Int+8}
 37674 | WizLab   | Identified the ring "Aboiseur" {Fire Int+8}
 37737 | WizLab   | Identified the ring "Wic Jelo" {Ice Str-3 SInv Stlth+}
 38049 | WizLab   | Identified the ring of Foscheudo {Fire rCorr Str+2 Dex-3}
 38060 | WizLab   | Noticed an electric golem
 38065 | WizLab   | Reached skill level 10 in Shields
 38084 | WizLab   | Killed an electric golem
 38108 | WizLab   | Identified the ring "Juippuske" {Ice rElec Will+ Int+2
                  | Dex-2}
 38121 | WizLab   | Found the +2 Maxwell's thermic engine {flame, freeze}
 38439 | Vaults:3 | Reached XP level 21. HP: 162/162 MP: 38/38
 41270 | Vaults:4 | Found a runed translucent gate.
 41272 | Vaults:4 | Found a runed translucent gate.
 41272 | Vaults:4 | Found a runed translucent gate.
 42288 | Elf:1    | Entered Level 1 of the Elven Halls
 42541 | Elf:1    | Paralysed by an air elemental for 1 turns
 42582 | Elf:1    | Found Geqe's Jewellery Boutique.
 42590 | Elf:1    | Bought the ring "Disteyfisk" {Ice Will+ Slay+3 Stlth+} for
                  | 795 gold pieces
 42631 | Elf:1    | Noticed Kirke
 42640 | Elf:1    | Killed Kirke
 42724 | Elf:1    | Reached XP level 22. HP: 172/172 MP: 1/39
 42739 | Elf:1    | Noticed Agnes
 42752 | Elf:1    | Killed Agnes
 43117 | Elf:1    | Noticed Frances
 43125 | Elf:1    | Killed Frances
 43449 | Elf:1    | Acquired the ring of Munonuf {Drain Will+ EV+4 Dex+5}
 43460 | Elf:1    | Got the Vellum of Blows and Bruises and Creation
 44259 | Elf:2    | Found a runed translucent door.
 44260 | Elf:2    | Noticed avis's ghost (adept DgTm)
 44303 | Elf:2    | Found a runed translucent gate.
 44305 | Elf:2    | Found a runed translucent gate.
 44309 | Elf:2    | Found a runed translucent gate.
 44531 | Elf:3    | Entered Level 3 of the Elven Halls
 45265 | Elf:3    | Found Xuass's Distillery.
 45270 | Elf:3    | Found Lifoudwu's Weapon Shop.
 45270 | Elf:3    | Found Daf Feto's Assorted Antiques.
 45278 | Elf:3    | Bought a potion of haste for 150 gold pieces
 45278 | Elf:3    | Bought 2 potions of haste for 300 gold pieces
 45278 | Elf:3    | Bought a potion of brilliance for 60 gold pieces
 45278 | Elf:3    | Bought a potion of curing for 45 gold pieces
 45278 | Elf:3    | Bought a potion of brilliance for 60 gold pieces
 45278 | Elf:3    | Bought a potion of brilliance for 60 gold pieces
 45278 | Elf:3    | Bought a potion of invisibility for 120 gold pieces
 45278 | Elf:3    | Bought a potion of haste for 150 gold pieces
 45278 | Elf:3    | Found Fownim's Antique Weapon Boutique.
 45281 | Elf:3    | Bought 3 scrolls of teleportation for 324 gold pieces
 45553 | Elf:3    | Found the +7 Singing Sword {vorpal, sonic wave}
 45565 | Elf:3    | Got Picko's Folio of the Sepulchral Barrage
 45586 | Elf:3    | Identified the amulet of Dykycen {Reflect rPois rN+ Str+4
                  | Int+4 SH+5}
 45598 | Elf:3    | Identified the ring "Hyurhuf" {*Slow rF++ rN+ rCorr}
 45620 | Elf:3    | Identified the ring of Hyno {AC+4 Str+4}
 45641 | Elf:3    | Acquired the +0 hat of the Barnacled Cricket {rPois Will+
                  | Str+4}
 45694 | Elf:3    | Identified the +7 chain mail of Caustic Knowledge {Str+2}
 46676 | D:10     | Killed TheSexyCheese's ghost
 46825 | Lair:1   | Killed Arex's ghost
 47130 | Swamp:1  | Killed Rem's ghost
 47412 | Depths:1 | Entered Level 1 of the Depths
 47431 | Depths:1 | Reached XP level 23. HP: 178/180 MP: 32/40
 48374 | Depths:1 | Found a gateway to Hell.
 48463 | Depths:1 | Found Bimigaog's Self-Improvement Boutique.
 48471 | Depths:1 | Bought a manual of Dodging for 1120 gold pieces
 49063 | Depths:2 | Noticed a caustic shrike
 49076 | Depths:2 | Killed a caustic shrike
 49424 | Depths:2 | Gained mutation: Your spells are a little easier to cast,
                  | but a little less powerful. [a neqoxec]
 49593 | Depths:2 | Found a one-way gate leading to the halls of Pandemonium.
 49663 | Depths:2 | Found a snail-covered altar of Cheibriados.
 49669 | Depths:2 | Found Darchinn's Antique Weapon Emporium.
 50018 | Depths:2 | Identified the +2 chain mail of Kaoweph {rN+ MP+9 Dex+6}
 50518 | Depths:2 | Noticed a juggernaut
 50531 | Depths:2 | Killed a juggernaut
 50556 | Depths:2 | Noticed a golden dragon
 50574 | Depths:2 | Killed a golden dragon
 51116 | Depths:2 | Identified the +3 cloak of Courage {rC+ rCorr Dex+4}
 51926 | Depths:2 | Reached XP level 24. HP: 144/190 MP: 3/41
 53002 | Depths:3 | Gained mutation: You occasionally shout uncontrollably at
                  | your foes. [a shining eye]
 53007 | Depths:3 | Gained mutation: You are strong-willed. (Will+) [a shining
                  | eye]
 53010 | Depths:2 | Lost mutation: You are strong-willed. (Will+) [potion of
                  | mutation]
 53010 | Depths:2 | Lost mutation: Your spells are a little easier to cast, but
                  | a little less powerful. [potion of mutation]
 53010 | Depths:2 | Lost mutation: You occasionally shout uncontrollably at
                  | your foes. [potion of mutation]
 53010 | Depths:2 | Gained mutation: You have hidden genetic defects. [potion
                  | of mutation]
 53010 | Depths:2 | Gained mutation: You occasionally shout uncontrollably at
                  | your foes. [potion of mutation]
 53010 | Depths:2 | Gained mutation: Your flesh is heat resistant. (rF+)
                  | [potion of mutation]
 53011 | Depths:2 | Lost mutation: Your flesh is heat resistant. (rF+) [potion
                  | of mutation]
 53011 | Depths:2 | Lost mutation: You have hidden genetic defects. [potion of
                  | mutation]
 53011 | Depths:2 | Gained mutation: You are somewhat resistant to further
                  | mutation. [potion of mutation]
 53011 | Depths:2 | Gained mutation: You are agile. (Dex +4, Str/Int -1)
                  | [potion of mutation]
 53400 | Depths:3 | Reached skill level 15 in Spellcasting
 54269 | Depths:3 | Noticed Louise
 54283 | Depths:3 | Killed Louise
 54515 | Depths:3 | Found a viscous altar of Jiyva.
 54853 | Depths:4 | Entered Level 4 of the Depths
 55166 | Depths:4 | Reached skill level 27 in Dodging
 55715 | Depths:4 | Found a one-way gateway to a ziggurat.
 55759 | Depths:4 | Paralysed by a floating eye for 4 turns
 55767 | Depths:4 | Paralysed by a floating eye for 2 turns
 55830 | Depths:4 | Paralysed by a floating eye for 3 turns
 55837 | Depths:4 | Paralysed by a floating eye for 2 turns
 56597 | Vaults:5 | Entered Level 5 of the Vaults
 56632 | Vaults:4 | Reached XP level 25. HP: 180/200 MP: 9/42
 57398 | Vaults:5 | Noticed an ancient lich
 57650 | Vaults:5 | Killed an ancient lich
 58002 | Vaults:5 | Identified the ring "Pogh" {rElec rPois Will+ Int+2 Dex-5}
 58076 | Vaults:5 | Reached skill level 15 in Invocations
 58158 | Vaults:5 | Identified the +12 shortbow "Runado Zaec" {flame, rPois}
 58932 | Vaults:5 | Identified the +3 battleaxe "Fearraku" {vorpal, *Rage
                  | Fragile rC+++ Dex+6}
 59098 | Vaults:5 | Got a silver rune of Zot
 59969 | Elf:1    | Bought a ring of protection from fire for 375 gold pieces
 60444 | Crypt:1  | Entered Level 1 of the Crypt
 60954 | Crypt:1  | Noticed Zenata
 60962 | Crypt:1  | Killed Zenata
 61009 | Crypt:1  | Reached XP level 26. HP: 209/209 MP: 5/43
 62653 | Crypt:3  | Entered Level 3 of the Crypt
 63934 | Crypt:3  | Noticed a dread lich
 63945 | Crypt:3  | Killed a dread lich
 63958 | Crypt:3  | Reached skill level 15 in Translocations
 64026 | Crypt:3  | Found an ancient bone altar of Kikubaaqudgha.
 64034 | Crypt:3  | Found a basalt altar of Yredelemnul.
 64048 | Crypt:3  | Got Lawk's Treatise on the Twisted Mountains
 64049 | Crypt:3  | Identified the +0 helmet of the First Runes {rF+ Will+
                  | Regen+ rCorr}
 64507 | Crypt:3  | Found a staircase to the Tomb.
 65037 | Spider:3 | Killed middlethird's ghost
 65527 | Elf:2    | Killed avis's ghost
 66616 | Vaults:4 | Found a runed translucent gate.
 66616 | Vaults:4 | Found a runed translucent gate.
 66623 | Vaults:4 | Found a runed translucent gate.
 66623 | Vaults:4 | Noticed Vatovie's ghost (veteran MiFi)
 67040 | Slime:1  | Entered Level 1 of the Pits of Slime
 67349 | Slime:2  | Reached XP level 27. HP: 211/219 MP: 32/45
 67880 | Depths:4 | Found a runed translucent door.
 67880 | Depths:4 | Found a runed translucent door.
 67880 | Depths:4 | Found a runed translucent door.
 67917 | Depths:4 | Found a runed translucent door.
 68047 | Depths:4 | Found a runed translucent door.
 68051 | Depths:4 | Found a runed translucent door.
 68101 | Depths:4 | Found a gate to the Realm of Zot.
 68127 | Zot:1    | Entered Level 1 of the Realm of Zot
 69081 | Zot:1    | Identified the +11 rapier "Bemun" {drain, rElec rPois MP+9
                  | Int-4}
 69298 | Zot:2    | Noticed Vv
 69313 | Zot:2    | Killed Vv
 69941 | Zot:2    | You fall into a shaft and drop 1 floor!
 70396 | Zot:2    | Identified the ring "Bycw" {rPois rCorr}
 70791 | Zot:3    | Found a shimmering altar of Xom.
 70791 | Zot:3    | Found a shimmering altar of Xom.
 70791 | Zot:3    | Found a glowing silver altar of Zin.
 70792 | Zot:3    | Found a shimmering altar of Xom.
 70793 | Zot:3    | Found a shimmering altar of Xom.
 70793 | Zot:3    | Found a shimmering altar of Xom.
 72541 | Zot:5    | Entered Level 5 of the Realm of Zot
 72990 | Zot:5    | Reached skill level 27 in Fighting
 73006 | Zot:5    | Noticed a dread lich
 73014 | Zot:5    | Killed a dread lich
 73131 | Zot:5    | Noticed an orb of fire
 73141 | Zot:5    | Killed an orb of fire
 73164 | Zot:5    | Noticed an orb of fire
 73169 | Zot:5    | Gained mutation: You sometimes lose your temper in combat.
                  | [an orb of fire]
 73173 | Zot:5    | Killed an orb of fire
 73176 | Zot:5    | Noticed an orb of fire
 73177 | Zot:5    | Noticed an orb of fire
 73177 | Zot:5    | Noticed an orb of fire
 73191 | Zot:5    | Noticed an orb of fire
 73197 | Zot:5    | Gained mutation: You have an uncontrollable temper. [an orb
                  | of fire]
 73221 | Zot:5    | Gained mutation: Potions are less effective at restoring
                  | your health. [an orb of fire]
 73361 | Zot:4    | Learned a level 3 spell: Swiftness
 73361 | Zot:4    | Lost mutation: You are somewhat resistant to further
                  | mutation. [potion of mutation]
 73361 | Zot:4    | Lost mutation: Potions are less effective at restoring your
                  | health. [potion of mutation]
 73361 | Zot:4    | Gained mutation: You have a beak for a mouth. [potion of
                  | mutation]
 73362 | Zot:4    | Lost mutation: You have a beak for a mouth. [potion of
                  | mutation]
 73362 | Zot:4    | Lost mutation: You have an uncontrollable temper. [potion
                  | of mutation]
 73362 | Zot:4    | Lost mutation: You sometimes lose your temper in combat.
                  | [potion of mutation]
 73362 | Zot:4    | Gained mutation: You are partially covered in iridescent
                  | scales. (AC +2) [potion of mutation]
 73368 | Zot:4    | Learned a level 4 spell: Fulminant Prism
 73373 | Zot:4    | Learned a level 4 spell: Summon Lightning Spire
 73415 | Zot:5    | Killed an orb of fire
 73416 | Zot:5    | Reached skill level 1 in Conjurations
 73435 | Zot:5    | Killed an orb of fire
 73440 | Zot:5    | Gained mutation: You are frail. (-10% HP) [an orb of fire]
 73455 | Zot:5    | Killed an orb of fire
 73843 | Zot:5    | Killed an orb of fire
 73917 | Zot:5    | Noticed an orb of fire
 73930 | Zot:5    | Killed an orb of fire
 73949 | Zot:5    | Noticed an ancient lich
 73955 | Zot:5    | Killed an ancient lich
 73957 | Zot:5    | Reached skill level 5 in Conjurations
 74402 | Zot:5    | Noticed an orb of fire
 74416 | Zot:5    | Gained mutation: You are very frail. (-20% HP) [an orb of
                  | fire]
 74416 | Zot:5    | Noticed an orb of fire
 74429 | Zot:5    | Killed an orb of fire
 74443 | Zot:5    | Gained mutation: You are extremely frail. (-30% HP) [an orb
                  | of fire]
 74455 | Zot:5    | Killed an orb of fire
 74565 | Zot:5    | Lost mutation: You are extremely frail. (-30% HP) [potion
                  | of mutation]
 74565 | Zot:5    | Lost mutation: You are partially covered in iridescent
                  | scales. (AC +2) [potion of mutation]
 74565 | Zot:5    | Gained mutation: You are extremely frail. (-30% HP) [potion
                  | of mutation]
 74565 | Zot:5    | Lost mutation: You are extremely frail. (-30% HP) [potion
                  | of mutation]
 74566 | Zot:5    | Lost mutation: You are agile. (Dex +4, Str/Int -1) [potion
                  | of mutation]
 74566 | Zot:5    | Lost mutation: You are very frail. (-20% HP) [potion of
                  | mutation]
 74566 | Zot:5    | Gained mutation: You are very frail. (-20% HP) [potion of
                  | mutation]
 74567 | Zot:5    | Lost mutation: You occasionally shout uncontrollably at
                  | your foes. [potion of mutation]
 74567 | Zot:5    | Lost mutation: You are very frail. (-20% HP) [potion of
                  | mutation]
 74567 | Zot:5    | Gained mutation: Potions are less effective at restoring
                  | your health. [potion of mutation]
 74567 | Zot:5    | Gained mutation: One of your tentacles bears a spike.
                  | [potion of mutation]
 74715 | Zot:5    | Got the Orb of Zot
 74746 | Zot:5    | Noticed Niomynuch the pandemonium lord
 74770 | Zot:5    | Noticed a seraph
 74832 | Zot:3    | Lost mutation: Potions are less effective at restoring your
                  | health. [potion of mutation]
 74832 | Zot:3    | Lost mutation: One of your tentacles bears a spike. [potion
                  | of mutation]
 74832 | Zot:3    | Gained mutation: One of your tentacles bears a spike.
                  | [potion of mutation]
 74832 | Zot:3    | Gained mutation: Your body sometimes deteriorates upon
                  | taking damage. [potion of mutation]
 74833 | Zot:3    | Lost mutation: One of your tentacles bears a spike. [potion
                  | of mutation]
 74833 | Zot:3    | Lost mutation: Your body sometimes deteriorates upon taking
                  | damage. [potion of mutation]
 74833 | Zot:3    | Gained mutation: You are covered in fur. (AC +1) [potion of
                  | mutation]
 74833 | Zot:3    | Gained mutation: You occasionally shout uncontrollably at
                  | your foes. [potion of mutation]
 74833 | Zot:3    | Gained mutation: You have hidden genetic defects. [potion
                  | of mutation]
 74833 | Zot:3    | Gained mutation: You are agile. (Dex +4, Str/Int -1)
                  | [potion of mutation]
 75277 | D:2      | Noticed Cuteurgh the pandemonium lord
 75291 | D:2      | Killed from afar by an Ice Fiend

Illustrated notes

Levels and vault maps discovered:
D:1:      elethiomel_arrival_infinity_welcomes_careful_drivers, layout_basic
D:2:      layout_basic, basic_altar, shapermc_ecumenical_altar_mp_highgroup,
          uniq_terence, uniq_natasha
D:3:      layout_loops_corners, serial_shops, nicolae_shop_hallway_plus,
          st_stairs_4, minmay_goblin_kobold_house
D:4:      layout_basic, lemuel_doored_altar, serial_shops, shop,
          uniq_blork_the_orc, uniq_menkaure, uniq_robin
D:5:      layout_rooms
D:6:      layout_basic, minmay_temple_entry_grid, abandoned_shop
D:7:      layout_basic, ebering_ghost_rock_garden, kennysheep_flooded_box,
          minmay_nine_imps, uniq_prince_ribbit1
D:8:      layout_cave_pools, kennysheep_mini_moat, minitemple, dk_noncrumbling_2
D:9:      kennysheep_blocky_room, layout_loops_ring, erik_lair_orcish_takeover,
          kennysheep_cross_room
D:10:     layout_basic, minmay_orc_entry_temple_small, gammafunk_ghost_icy,
          minmay_misc_feat_x
D:11:     minmay_the_grid_triangle_9x9_recursive_2_mashed
          [minmay_the_grid_triangle_9x9_prize_insulated,
          minmay_the_grid_triangle_9x9_descending_squares,
          minmay_the_grid_triangle_9x9_corruption,
          minmay_the_grid_triangle_9x9_pentomino_pain], layout_stronghold
D:12:     layout_cave_pools, moated_statue, uniq_psyche, uniq_fannar
D:13:     layout_cave_pods, hangedman_vaults_entry_quadrant_bands,
          minmay_crystal_room
D:14:     layout_basic, portal_ice_cave_entry_pillars_2, grunt_gozag_statues
D:15:     hangedman_depths_entry_civil_slaughter, layout_long_grid,
          corexii_hall_statues_x
Lair:1:   layout_layer_cave, gammafunk_ghost_abyssal_escape, st_stairs_9
Lair:2:   layout_big_grid, dummy_spider_entry, enter_volcano_4,
          gauntlet_entry_generic, bobbens_dragon_lair_wall, uniq_gastronok,
          uniq_sonja, uniq_amaemon
Lair:3:   layout_loops_ring, swamp_mist_pool
Lair:4:   layout_regular_city, lemuel_fruit_fields
Lair:5:   minmay_lair_end_enchanted_forest, layout_regular_city, slime_entry_1,
          nicolae_lair_yak_garden, uniq_rupert
Swamp:1:  layout_basic_swamp, ebering_ghost_reflecting_pool,
          nicolae_swamp_ascending_descending, infiniplex_staircase_pool_2,
          uniq_mlioglotl
Swamp:2:  nzn_winding_woodlands_three_and_one [nzn_winding_woodlands_5x15_pool,
          nzn_winding_woodlands_5x15_crooked, nzn_winding_woodlands_5x15_eye,
          nzn_winding_woodlands_center_diamonds], layout_basic_swamp,
          evilmike_swamp_ruin_house_3
Swamp:3:  layout_basic_swamp, hangedman_swamp_ruin_wall, swamp_pool4,
          infiniplex_staircase_pool
Swamp:4:  swamp, layout_basic_swamp, swamp_pool2
Spider:1: layout_chambers, drop_trap
Spider:2: layout_chambers, special_room [special_room_bee],
          nicolae_spider_baby_got_redback, uniq_arachne, uniq_jorgrun
Spider:3: layout_cave_pods, gammafunk_ghost_mausoleum,
          hellmonk_motheaten_closet, uniq_donald, uniq_asterion
Spider:4: guppyfry_spider_rune
Slime:1:  layout_caves, basic_altar
Slime:2:  layout_caves
Slime:3:  layout_caves, basic_altar
Orc:1:    layout_caves, basic_altar
Orc:2:    st_orc_open, layout_caves, uniq_snorg
Elf:1:    nicolae_elf_arrival_no_cutting_in_line, layout_geoelf_grid,
          serial_shops, nicolae_lakefront_shop, minmay_elf_sorcery, uniq_kirke,
          uniq_louise, uniq_agnes, uniq_frances
Elf:2:    elven_hall_of_blades_hangedman_original
          [nicolae_vaults_blade_armed_guards], layout_geoelf_octagon,
          gammafunk_ghost_grave
Elf:3:    minmay_elf_hall_four_x, layout_onion_city, minmay_shoptagon
Vaults:1: nicolae_vaults_three_branches, grunt_vaults_trifunnel,
          dpeg_vaults_monster_box, nicolae_vaults_windows_and_doors_thing,
          v_misc_33, v_misc_13, ontoclasm_vaults_loading_screen, v_pattern_5,
          vaults_dpeg_ring, layout_vaults_quadrants, serial_shops, shop_statue
Vaults:2: ontoclasm_vaults_pinch, v_misc_13, ontoclasm_vaults_fault,
          vaults_mumra_hexcomb, minmay_crypt_entry_skeletal_spiral,
          gammafunk_its_a_trap, hangedman_vaults_slither, vaults_mumra_hex,
          nicolae_vaults_little_squares_3, layout_vaults_omnibox, serial_shops,
          shop
Vaults:3: lightli_enter_wizlab_magi_temple, hangedman_vaults_impose,
          nicolae_vaults_triangles, dpeg_vaults_monster_row, vaults_mumra_lcd,
          ontoclasm_vaults_twist, nicolae_vaults_quartermaster,
          grunt_vaults_funnel, vaults_room_pool, vaults_room_semicircle,
          vaults_room_stairs_pillars, v_misc_24, vaults_room_hallway,
          layout_vaults_omnicross
Vaults:4: ploomutoo_gammafunk_ghost_potion_laboratory, st_lines,
          ontoclasm_vaults_ring_large, nicolae_vaults_little_squares_3,
          nicolae_vaults_little_squares_5, v_misc_33, v_misc_9,
          hangedman_vaults_stagger, v_misc_4, vaults_mumra_minichess,
          v_pattern_2, vaults_dpeg_diagonal, layout_vaults_maze_snakey,
          serial_glass
Vaults:5
Crypt:1:  layout_chaotic_city, st_chilly_death, uniq_zenata
Crypt:2:  dreamdust_cat_pyramid, layout_chaotic_city
Crypt:3:  lightli_unholy_cathedral, layout_chaotic_city,
          tomb_entry_sphere_bobbens, item_on_display_b
Depths:1: layout_basic, hangedman_coc_ice_floe, nicolae_shop_self_help
Depths:2: minmay_tile_spiral, layout_cave_shapes, rand_demon_pan_entry_3,
          hell_entry, roderic_serpentine_path, serial_shops,
          nicolae_shop_hallway_plus, slow_altar_1
Depths:3: minmay_octagon_keep, layout_gridville, minmay_misc_feat_nine_boxes,
          pan_entry, nicolae_abyss_entry_one_way_or_another, grunt_hell_horde,
          special_room [special_room_jelly], grunt_ministairs_2, st_stairs_7,
          infiniplex_staircase_pillars_1
Depths:4: evilmike_zot_entry_castle, layout_honeycomb, enter_ziggurat_c,
          grunt_hell_entry_dis_old
Zot:1:    layout_concentric_octagons
Zot:2:    layout_onion_interference, hangedman_zot_decor_slant, uniq_vv
Zot:3:    dreamdust_zin_vs_xom, layout_basic
Zot:4:    layout_cellular_growth
Zot:5:    layout_misc_corridors, grunt_ministairs_11

Skill      XL: |  1  2  3  4  5  6  7  8  9 10 11 12 13 14 15 16 17 18 19 20 21 22 23 24 25 26 27 |
---------------+----------------------------------------------------------------------------------+-----
Stealth        | 6 7 |  7.1
Short Blades   | 3 4 5 7 9 10 | 10.0
Fighting       | 3 4 5 6 7 9 10 11 12 13 14 15 17 18 19 20 21 22 23 24 25 27 | 27.0
Dodging        | 2 4 6 8 10 12 14 16 17 18 19 20 21 22 23 24 25 27 | 27.0
Invocations    | 5 6 7 8 10 11 13 15 | 15.6
Spellcasting   | 4 6 8 9 10 11 12 13 14 15 16 18 21 | 21.2
Shields        | 5 7 8 10 11 12 | 12.3
Translocations | 4 6 8 10 11 12 13 15 18 | 18.5
Evocations     | 2 3 |  3.2
Throwing       | 4 |  4.2
Conjurations   | 7 |  7.8

Action                   |  1- 3 |  4- 6 |  7- 9 | 10-12 | 13-15 | 16-18 | 19-21 | 22-24 | 25-27 || total
-------------------------+-------+-------+-------+-------+-------+-------+-------+-------+-------++-------
Melee: Dagger            |    53 |   108 |   227 |   113 |       |       |       |       |       ||   501
       Constrict         |    11 |    30 |    60 |    71 |   114 |   233 |   171 |   171 |   255 ||  1116
       Tentacles         |     5 |    19 |    68 |   175 |   430 |   704 |   569 |   490 |   860 ||  3320
       Punch             |       |     2 |     3 |     9 |    14 |    42 |    33 |    42 |    56 ||   201
       Quick blade       |       |       |       |   413 |  1245 |  2034 |  1677 |  1895 |  2788 || 10052
       Kick              |       |       |       |       |       |       |       |       |     8 ||     8
Throw: Dart              |       |     2 |     7 |    11 |    21 |    11 |       |    65 |    20 ||   137
       Throwing net      |       |       |       |       |       |       |       |       |     2 ||     2
 Cast: Manifold Assault  |       |       |       |       |    22 |   139 |   137 |   299 |   334 ||   931
       Ozocubu's Armour  |       |       |       |       |     9 |    31 |     7 |     6 |       ||    53
       Summon Forest     |       |       |       |       |       |     1 |       |       |       ||     1
       Wereblood         |       |       |       |       |       |       |    31 |    26 |    24 ||    81
       Blink             |       |       |       |       |       |       |       |       |     7 ||     7
       Swiftness         |       |       |       |       |       |       |       |       |     5 ||     5
Invok: Disaster Area     |       |       |       |       |     1 |       |       |     1 |     6 ||     8
       Elemental Force   |       |       |       |       |     1 |       |       |       |     1 ||     2
       Upheaval          |       |       |       |       |     1 |       |       |       |       ||     1
Evoke: Wand              |       |       |     8 |       |     1 |       |     1 |       |     3 ||    13
  Use: Scroll            |       |     3 |     9 |    15 |     6 |     9 |     5 |     4 |    12 ||    63
       Potion            |       |       |     1 |     1 |     4 |     2 |     9 |     5 |    36 ||    58
 Stab: Sleeping          |    12 |     5 |       |       |       |       |       |       |       ||    17
       Distracted        |       |     1 |       |       |       |       |       |       |       ||     1
       Held in net/web   |       |       |       |       |       |       |       |       |     3 ||     3
Armor: Skin              |     6 |     9 |    31 |    35 |    59 |   116 |    57 |    20 |    20 ||   353
Dodge: Dodged            |    19 |    53 |   103 |   183 |   466 |   803 |   591 |   413 |   823 ||  3454
       Repelled          |       |       |     2 |     4 |     2 |    12 |     9 |     5 |    15 ||    49
Block: Other             |       |       |    26 |    81 |       |       |       |       |       ||   107
       Buckler           |       |       |       |    13 |   484 |   671 |   622 |   513 |   824 ||  3127
       Reflection        |       |       |       |       |       |       |       |       |     4 ||     4
